 Dungeon Crawl Stone Soup version 0.31-a0-1529-g7bd419a0e5 (webtiles) character file.

Game seed: 2540878522519514432

593 night the Caller (level 7, -3/52 HPs)
             Began as a Merfolk Summoner on Dec 31, 2023.
             Succumbed to a kobold's poison
             ... in a sewer.
             The game lasted 00:17:32 (5618 turns).

night the Caller (Merfolk Summoner)                 Turns: 5618, Time: 00:17:32

Health: -3/52      AC:  6    Str:  8    XL:     7   Next: 39%
Magic:  9/12       EV: 14    Int: 16    God:
Gold:   211        SH:  0    Dex: 15    Spells: 3/13 levels left

rFire   . . .        t - +0 quarterstaff
rCold   . . .        (shield currently unavailable)
rNeg    . . .        a - +0 robe
rPois   .            (no helmet)
rElec   .            (no cloak)
rCorr   .            (no gloves)
SInv    .            (no boots)
Will    .....        (no amulet)
Stlth   ++           c - +4 ring of protection
HPRegen 0.28/turn    k - ring of flight
MPRegen 0.13/turn

%: no passive effects
@: mighty, lethally poisoned (-3 -> -34), flying, hasted, inugami summoned, very
quick
A: (nimble swimmer 2), mertail
a: no special abilities


You were in a sewer.
You visited 1 branch of the dungeon, and saw 4 of its levels.
You also visited: Sewer.

You collected 211 gold pieces.

Inventory:

Hand Weapons
 t - a +0 quarterstaff (weapon)
Missiles
 d - 38 stones
 e - 15 poisoned darts
 g - 13 boomerangs
 n - 4 javelins
Armour
 a - a +0 robe (worn)
Jewellery
 c - a +4 ring of protection (left hand)
 k - a ring of flight (right hand)
Wands
 p - a wand of paralysis (6)
Scrolls
 f - 3 scrolls of teleportation {unknown}
 i - a scroll of fear {unknown}
 j - 2 scrolls of amnesia {unknown}
 l - a scroll of enchant weapon {unknown}
 s - 2 scrolls of identify {unknown}
 u - 2 scrolls of vulnerability {unknown}
 v - a scroll of fog {unknown}
 w - 2 scrolls of acquirement {unknown}
 x - a scroll of brand weapon {unknown}
Potions
 b - 2 potions of magic
 h - a potion of might
 m - a potion of lignification {unknown}
 o - a potion of heal wounds {unknown}
 q - a potion of haste
 r - 2 potions of curing {unknown}


   Skills:
 + Level 3.2 Fighting
 + Level 4.0 Polearms
 + Level 5.0 Dodging
 - Level 2.1 Stealth
 + Level 3.5 Spellcasting
 + Level 5.1 Summonings
 + Level 1.0 Fire Magic
 + Level 1.0 Air Magic


You had 3 spell levels left.
You knew the following spells:

 Your Spells              Type           Power      Damage    Failure   Level
a - Summon Small Mammal   Summ           76%        N/A       2%          1
b - Call Imp              Summ           38%        N/A       3%          2
c - Call Canine Familiar  Summ           19%        N/A       6%          3
d - Summon Blazeheart Go  Fire/Summ      12%        N/A       45%         4

Your spell library contained the following spells:

 Spells                   Type           Power      Damage    Failure   Level
 Ensorcelled Hibernation  Hex/Ice        4%         N/A       26%         2
 Lesser Beckoning         Tloc           4%         N/A       26%         2
 Swiftness                Air            6%         N/A       34%         3
 Passwall                 Erth           2%         N/A       47%         3
 Tukima's Dance           Hex            2%         N/A       47%         3
 Summon Lightning Spire   Summ/Air       12%        N/A       45%         4
 Manifold Assault         Tloc           2%         N/A       87%         4
 Passage of Golubria      Tloc           2%         N/A       87%         4
 Yara's Violent Unravell  Hex/Alch       1%         3d3       99%         5
 Dispersal                Tloc           1%         N/A       100%        6
 Disjunction              Tloc           1%         N/A       100%        8


Dungeon Overview and Level Annotations

Branches:
Dungeon (4/15)              Sewer (1/1)
 Temple: D:4-7

Altars:
Cheibriados
Makhleb
Zin

Shops:
D:1 (


Innate Abilities, Weirdness & Mutations

((You are very nimble when in or above water. (Stealth+, EV+, Speed+++)))
Your lower body shifts to a powerful aquatic tail in water.


Message History

You feel very sick.
Your inugami misses the kobold.
The kobold hits you with a +1 short sword of venom.
The kobold barely misses your inugami.
You hit the kobold.
The kobold is severely wounded.
You feel sick.
Your inugami hits the kobold.
The kobold dies!
You hear a splash.
The kobold hits you with a +1 short sword of venom.
You are more poisoned.
Your inugami misses the kobold.
Casting: Call Canine Familiar (dangerous; 6% risk of failure)
Confirm with . or Enter, or press ? or * to list all spells.
You feel very sick.
The kobold hits you with a +1 short sword of venom.
You are lethally poisoned!
Your inugami hits the kobold but does no damage.
Unknown command.
* * * LOW HITPOINT WARNING * * *
You feel very sick. The kobold attacks as it pursues you!
The kobold completely misses you.
Your inugami hits the kobold.
The kobold dies!
* * * LOW HITPOINT WARNING * * *
You feel very sick. The kobold attacks as it pursues you!
The kobold hits you with a +1 short sword of venom.
* * * LOW HITPOINT WARNING * * *
You are more poisoned.
It was a potion of might.
You feel very mighty all of a sudden.
* * * LOW HITPOINT WARNING * * *
You feel very sick. The kobold hits you but does no damage.
You are more poisoned.
Your quokka bites the kobold.
The kobold dies!
It was a potion of haste.
You feel yourself speed up.
You die...

##### ##### # ##~~~##
##..~## #.##
#~.~..#####.....#####~...#
#.~.~.~~~~~~...~.@)rh)~..#
#.~...#####~.~~.#####.!.##
##.~.## ##.~.## )## ##~##
##≈## # #~# #≈# #~# #≈#
##~## ##≈## ##### ##...##
##...## ##..~##
###.∩.~~#####..~.~####~.~..#


You could see a friendly quokka (summoned) and a friendly inugami (summoned).

Vanquished Creatures
  A crocodile (Sewer)
  A kobold brigand (Sewer)
  A howler monkey (D:4)
  An adder (Sewer)
  A ribbon worm (D:4)
  An endoplasm (Sewer)
  A giant cockroach (D:4)
  A hobgoblin (D:1)
  A jackal (D:1)
  5 kobolds (Sewer)
  2 ball pythons
  5 rats
21 creatures vanquished.

Vanquished Creatures (collateral kills)
  A bullfrog (D:3)
  A jelly (D:4)
  A hound (D:4)
  2 orc wizards (D:3)
  A mummy (D:4)
  8 adders
  2 river rats (D:4)
  8 dart slugs
  4 ribbon worms
  2 orcs (D:3)
  6 endoplasms
  4 giant cockroaches
  3 goblins
  8 hobgoblins
  6 jackals
  11 kobolds
  3 quokkas
  8 ball pythons
  5 bats
  2 frilled lizards
  7 rats
93 creatures vanquished.

Grand Total: 114 creatures vanquished

Notes
Turn   | Place    | Note
-------+----------+-------------------------------------------
     0 | D:1      | night the Merfolk Summoner began the quest for the Orb.
     0 | D:1      | Reached XP level 1. HP: 13/13 MP: 3/3
   124 | D:1      | Got Sif Muna's Commentary on Orientation
   134 | D:1      | Reached XP level 2. HP: 20/20 MP: 0/5
   142 | D:1      | Learned a level 2 spell: Call Imp
   204 | D:1      | Reached skill level 1 in Polearms
   316 | D:1      | Found Hudocrug's Weapon Boutique.
   589 | D:1      | Reached skill level 1 in Fighting
   706 | D:1      | Reached XP level 3. HP: 26/26 MP: 3/6
  1628 | D:2      | Reached XP level 4. HP: 32/32 MP: 2/7
  1632 | D:2      | Learned a level 3 spell: Call Canine Familiar
  1715 | D:2      | Reached skill level 2 in Polearms
  3036 | D:3      | Noticed a bullfrog
  3137 | D:3      | Killed a bullfrog
  3138 | D:3      | Reached skill level 2 in Fighting
  3138 | D:3      | Reached XP level 5. HP: 38/38 MP: 3/9
  3885 | D:4      | Reached XP level 6. HP: 46/46 MP: 5/10
  3890 | D:4      | Learned a level 4 spell: Summon Blazeheart Golem
  4044 | D:4      | Found a snail-covered altar of Cheibriados.
  4106 | D:4      | Found a glowing silver altar of Zin.
  4384 | D:4      | Found a burning altar of Makhleb.
  4666 | D:4      | Found a glowing drain.
  4673 | Sewer    | Entered a sewer
  5077 | Sewer    | HP: 1/46 [crocodile (14)]
  5106 | Sewer    | Reached skill level 5 in Summonings
  5106 | Sewer    | Reached XP level 7. HP: 8/52 MP: 1/12
  5288 | Sewer    | Reached skill level 5 in Dodging
  5288 | Sewer    | Reached skill level 1 in Air Magic
  5461 | Sewer    | Reached skill level 1 in Fire Magic
  5617 | Sewer    | HP: 4/52 [poisoned by a kobold]
  5618 | Sewer    | Succumbed to a kobold's poison

Illustrated notes

Levels and vault maps discovered:
D:1:      denvon_arrival_waterhouse, layout_basic, serial_shops,
          nicolae_shop_tiny_glass, amcnicky_mini_corridor_feature
D:2:      layout_loops_corners, minmay_misc_feat_pillars
D:3:      layout_basic, chequers_decorated_corner
D:4:      layout_basic, overflow_temple_1_default, slow_altar_1,
          mainiacjoe_overflow_small_starburst, lightli_sewer_entry_pipes,
          hangedman_decor_clover_reticule, hangedman_decor_growths
Sewer:    sewer_co_15_rooms

Skill      XL: |  1  2  3  4  5  6  7 |
---------------+----------------------+-----
Dodging        | 3 4 5 |  5.0
Polearms       | 1 2 3 4 |  4.0
Fighting       | 1 2 3 |  3.2
Spellcasting   | 3 |  3.5
Summonings     | 5 |  5.1
Air Magic      | 1 |  1.0
Fire Magic     | 1 |  1.0
Stealth        | |  2.1

Action                     |  1- 3 |  4- 6 |  7- 9 || total
---------------------------+-------+-------+-------++-------
  Melee: Unarmed           |    44 |    23 |       ||    67
         Quarterstaff      |       |    46 |    28 ||    74
  Throw: Dart              |       |     2 |       ||     2
   Cast: Summon Small Mamm |    27 |    28 |     3 ||    58
         Call Imp          |    15 |    27 |     3 ||    45
         Call Canine Famil |       |    33 |     4 ||    37
  Evoke: Wand              |       |     3 |       ||     3
    Use: Potion            |       |       |     2 ||     2
   Stab: Distracted        |     1 |       |       ||     1
         Sleeping          |     1 |       |       ||     1
         Paralysed         |       |     5 |       ||     5
 Armour: Robe              |    33 |    59 |    21 ||   113
  Dodge: Dodged            |    32 |   117 |    23 ||   172

Table legend: (Time is in decaauts)
 A = Elapsed time spent in this place.
 B = Non-inter-level travel time spent in this place.
 C = Inter-level travel time spent in this place.
 D = Time resting spent in this place.
 E = Time spent auto-exploring this place.
 F = Levels seen in this place.
 G = Mean time per level.
                   A        B        C        D        E       F      G
               +--------+--------+--------+--------+--------+-----+--------+
         Total |   5501 |   5407 |     94 |    461 |   3628 |   5 | 1100.2 |
       Dungeon |   4651 |   4557 |     94 |    259 |   3438 |   4 | 1162.8 |
         Sewer |    850 |    850 |      0 |    202 |    190 |   1 |  850.0 |
               +--------+--------+--------+--------+--------+-----+--------+

Top non-repeatable levels by time:
     D:2: 1487 daAuts
     D:3: 1193 daAuts
     D:1: 1180 daAuts
   Sewer: 850 daAuts
     D:4: 790 daAuts
